 Dungeon Crawl Stone Soup version bcrawl-1.40 (webtiles) character file.

Game seed: 13984482815396015939

321166 zoran the Fighter (level 9, -3/83 HPs)
             Began as a Ghoul Monk on Oct 21, 2023.
             Was a Believer of Nemelex Xobeh.
             Slain by a gnoll
             ... wielding a +3 halberd of protection
              (14 damage)
             ... on level 6 of the Dungeon.
             The game lasted 00:14:48 (5766 turns).

zoran the Fighter (Ghoul Monk)                      Turns: 5766, Time: 00:14:48

Health: -3/83      AC:  9    Str: 19    XL:     9   Next: 80%
Magic:  2/2        EV: 12    Int:  8    God:    Nemelex Xobeh [**....]
Gold:   117        SH:  0    Dex: 15    Spells: 8/8 levels left

rFire    + . .     GDR:     31% H - +4 long sword "Joloilump" {slice, +Inv +Fly rElec MP-9}
rCold    . . .     SeeInvis .   (no shield)
rNeg     + . .     Gourm    .   m - +2 scale mail {rF+}
rPois    +         Faith    +   c - +0 hat
rElec    +         Spirit   .   (no cloak)
rCorr    +         Reflect  .   (no gloves)
MR       +....                  (no boots)
Stlth    ++........             s - amulet of faith
HPRegen  0.23/turn              o - ring of protection from magic
MPRegen  0.08/turn              v - ring of resist corrosion

@: quick
A: claws 1, carnivore, speed 1, negative energy resistance 1, poison resistance,
partial torment resistance, strong legs 1
a: Hop, Draw Escape, Draw Destruction, Draw Summoning, Triple Draw, Renounce
Religion, Evoke Invisibility, Evoke Flight


You were on level 6 of the Dungeon.
You worshipped Nemelex Xobeh.
Nemelex Xobeh was pleased with you.
You were not hungry.

You visited 1 branch of the dungeon, and saw 6 of its levels.
You also visited: Sewer.

You collected 290 gold pieces.
You spent 173 gold pieces at shops.

Inventory:

Hand Weapons
 a - a +0 quarterstaff
 H - the +4 long sword "Joloilump" (weapon) {slice, +Inv +Fly rElec MP-9}
   (You found it on level 5 of the Dungeon)

   It will always inflict at least some extra damage.
   This minimum extra damage increases with your current reserve of magical
   power.
   It insulates you from electricity.
   It affects your magic capacity (-9).
   It lets you turn invisible.
   It lets you fly.
Missiles
 f - a throwing net {=f}
 G - 50 poisoned tomahawks (quivered)
Armour
 b - a +0 robe
 c - a +0 hat (worn)
 i - a +0 pair of gloves
 m - a +2 scale mail of fire resistance (worn)
 L - a +0 pair of gloves
Jewellery
 d - an uncursed amulet of guardian spirit
 g - an uncursed ring of insulation
 o - a ring of protection from magic (left claw)
 s - an amulet of faith (around neck)
 v - a ring of resist corrosion (right claw)
Wands
 x - a wand of flame (17)
Scrolls
 h - a scroll of remove curse
 j - 2 scrolls of teleportation
 k - a scroll of noise
 u - 6 scrolls of revelation
 y - 2 scrolls of enchant weapon
 A - 3 scrolls of amnesia
 E - 3 scrolls of enchant armour
 F - 3 scrolls of fog
Potions
 l - 3 potions of brilliance
 n - 3 potions of mutation
 p - 5 potions of heal wounds
 q - a potion of flight {unknown}
 r - a potion of agility {unknown}
 t - a potion of experience {unknown}
 w - 2 potions of might
 z - 3 potions of degeneration {unknown}
 C - 2 potions of curing
 D - 2 potions of haste
 I - a potion of berserk rage {unknown}
 K - 3 potions of magic {unknown}
Comestibles
 e - 6 rations {!d}


   Skills:
 + Level 9.0 Fighting
 + Level 2.3 Long Blades
 - Level 5.0 Staves
 - Level 5.0 Throwing
 - Level 5.0 Armour
 - Level 5.0 Dodging
 - Level 5.0 Stealth
 + Level 3.7 Invocations


You had 8 spell levels left.
You didn't know any spells.
Your spell library was empty.

Dungeon Overview and Level Annotations

Branches:
Dungeon (6/12)
 Temple: D:4-7

Altars:
Lugonu
Nemelex Xobeh

Shops:
D:5 *

Portals:
Abyss: D:6


Innate Abilities, Weirdness & Mutations

Eating raw meat heals you.
You have sharp fingernails.
You are carnivorous and can eat meat at any time.
You cover ground quickly.
You resist negative energy. (rN+)
Your system is resistant to poisons. (rPois)
You are less affected by unholy pain and torment.
You can hop short distances.


Message History

The puff of flame hits the gnoll.
The gnoll is heavily wounded.
The gnoll barely misses you. The gnoll barely misses you.
The gnoll hits you with a +3 halberd of protection.
* * * LOW HITPOINT WARNING * * *
Items here: )))) [ ÷ † You hit the gnoll but do no damage.
Ssssck.
The gnoll is severely wounded.
The gnoll hits you but does no damage. x2
You hit the gnoll but do no damage.
Snnnck.
The gnoll is severely wounded.
The gnoll hits you from afar with a +0 spear.
* * * LOW HITPOINT WARNING * * *
You barely miss the gnoll.
The gnoll is severely wounded.
The gnoll barely misses you.
The gnoll hits you with a +3 halberd of protection!
You die...
Your body disappears without a glow. ..≈≈###+# ..≈≈≈.# #####++###### ..≈≈≈.# /........... ..≈≈≈.# gg.gg...... ..≈≈≈.# gg.......

..≈≈≈.# g..... ..≈≈≈.# #######
##''## ## ..≈≈≈.#
#..#..#######....#######) ..≈≈≈.#
#.)'..'.@gg))....'...[.))
..≈≈###+#..#..#######....#######)
.P≈≈#...#############'g''########
..≈≈#.g.#........................
..≈≈#####≈≈≈≈≈≈≈≈≈≈≈≈....≈≈≈≈≈≈≈≈
..≈≈≈≈≈≈≈≈≈≈≈≈≈≈≈≈≈≈≈....≈≈≈≈≈≈≈≈
..≈≈≈≈≈≈≈≈≈≈≈≈≈≈≈≈≈≈≈....≈≈≈≈≈≈≈≈
............÷.÷..................
####################......)......


You could see 2 gnolls.

Vanquished Creatures
  A meliai (D:6)
  Grinder (D:3)
  2 ice beasts
  A sky beast (D:3)
  3 ogres
  A phantom (D:5)
  Blork the orc (D:6)
  A kobold brigand (D:6)
  4 bullfrogs
  A centaur (D:5)
  2 scorpions
  3 orc priests
  4 crimson imps
  2 quasits (D:5)
  2 hounds (D:4)
  3 gnoll shamans (D:6)
  An iguana (D:5)
  4 orc wizards
  5 worker ants (D:4)
  A hound skeleton (D:4)
  2 worker ant zombies
  23 gnolls (D:6)
  2 howler monkey skeletons
  10 adders
  5 river rats (Sewer)
  A shadow imp (D:5)
  5 oozes
  2 adder skeletons
  2 worms
  4 dart slugs
  7 leopard geckos
  28 orcs
  8 bats
  6 giant cockroaches
  A goblin (D:1)
  6 hobgoblins
  16 jackals
  12 kobolds
  5 quokkas
  12 ball pythons (Sewer)
  7 frilled lizards
  24 rats
  A lurking horror (D:6)
232 creatures vanquished.

Notes
Turn   | Place    | Note
-------+----------+-------------------------------------------
     0 | D:1      | zoran the Ghoul Monk began the quest for the Orb.
     0 | D:1      | Reached XP level 1. HP: 19/19 MP: 2/2
   122 | D:1      | Reached XP level 2. HP: 27/27 MP: 3/3
   191 | D:1      | Reached skill level 4 in Fighting
   279 | D:1      | Reached XP level 3. HP: 31/33 MP: 1/4
   696 | D:2      | Reached XP level 4. HP: 41/41 MP: 5/5
  1286 | D:3      | Noticed Grinder
  1295 | D:3      | Paralysed by Grinder for 2 turns
  1307 | D:3      | Killed Grinder
  1308 | D:3      | Reached skill level 5 in Fighting
  1308 | D:3      | Reached skill level 5 in Staves
  1308 | D:3      | Reached skill level 5 in Stealth
  1308 | D:3      | Reached XP level 5. HP: 34/48 MP: 0/6
  1308 | D:3      | Reached XP level 6. HP: 39/56 MP: 0/7
  1717 | D:3      | Noticed a sky beast
  1739 | D:3      | Killed a sky beast
  1740 | D:3      | Reached skill level 1 in Throwing
  1740 | D:3      | Reached skill level 1 in Armour
  2116 | D:4      | Reached XP level 7. HP: 46/61 MP: 6/8
  2574 | D:4      | Reached skill level 6 in Fighting
  2608 | D:4      | Reached XP level 8. HP: 70/70 MP: 9/9
  3128 | D:5      | Entered Level 5 of the Dungeon
  3146 | D:4      | HP: 3/71 [acid (10)]
  3588 | D:5      | Found Nowkiffumn's Assorted Antiques.
  3619 | D:5      | Bought a scroll of identify for 44 gold pieces
  3619 | D:5      | Bought a scroll labeled MEUNOM SOCKEY for 22 gold pieces
  3619 | D:5      | Bought a scroll of revelation for 88 gold pieces
  3619 | D:5      | Bought a clear potion for 19 gold pieces
  3667 | D:5      | Reached skill level 5 in Dodging
  3742 | D:5      | Reached skill level 7 in Fighting
  3876 | D:5      | Found a glowing drain.
  3902 | Sewer    | Entered a sewer
  4630 | D:5      | Reached XP level 9. HP: 75/79 MP: 8/10
  4830 | D:5      | Got a buzzing long sword
  4901 | D:5      | Reached skill level 8 in Fighting
  4902 | D:5      | Found a sparkling altar of Nemelex Xobeh.
  4910 | D:5      | Became a worshipper of Nemelex Xobeh the Trickster
  4910 | D:5      | Received a gift from Nemelex Xobeh
  4910 | D:5      | Reached * piety under Nemelex Xobeh
  4910 | D:5      | Received a gift from Nemelex Xobeh
  4910 | D:5      | Reached ** piety under Nemelex Xobeh
  4989 | D:6      | Noticed a meliai
  4998 | D:6      | Killed a meliai
  5031 | D:6      | Identified the +4 long sword "Joloilump" {slice, +Inv +Fly
                  | rElec MP-9} (You found it on level 5 of the Dungeon)
  5051 | D:6      | Found a one-way gate to the infinite horrors of the Abyss.
  5053 | D:6      | Found a corrupted altar of Lugonu.
  5238 | D:6      | Received a gift from Nemelex Xobeh
  5329 | D:6      | Noticed Blork the orc
  5335 | D:6      | Killed Blork the orc
  5336 | D:6      | Reached skill level 1 in Long Blades
  5336 | D:6      | Reached skill level 5 in Throwing
  5345 | D:6      | Reached skill level 5 in Armour
  5443 | D:6      | Received a gift from Nemelex Xobeh
  5756 | D:6      | Reached skill level 9 in Fighting
  5766 | D:6      | Slain by a gnoll

Skill      XL: |  1  2  3  4  5  6  7  8  9 |
---------------+----------------------------+-----
Fighting       | 4 5 6 7 9 |  9.0
Stealth        | 3 5 |  5.0
Staves         | 5 |  5.0
Throwing       | 1 2 4 5 |  5.0
Armour         | 1 2 4 5 |  5.0
Dodging        | 4 5 |  5.0
Long Blades    | 2 |  2.3
Invocations    | 3 |  3.7

Action                   |  1- 3 |  4- 6 |  7- 9 || total
-------------------------+-------+-------+-------++-------
Melee: Quarterstaff      |    72 |   104 |   429 ||   605
       Long sword        |       |       |   140 ||   140
Throw: Tomahawk          |       |       |    26 ||    26
Evoke: Wand              |       |       |     6 ||     6
  Use: Scroll            |     2 |     2 |    11 ||    15
       Potion            |       |     3 |     2 ||     5
 Stab: Sleeping          |     2 |       |     2 ||     4
       Distracted        |       |       |     1 ||     1
  Eat: Chunk             |     5 |     6 |    29 ||    40
       Ration            |       |       |     2 ||     2
Armor: Robe              |     9 |       |       ||     9
       Scale mail        |    14 |    34 |   338 ||   386
Dodge: Dodged            |    56 |    56 |   508 ||   620
